TOP OF THE 1ST |
Santa Monica Bruins batting - Pitching for Vancouver Vipers : RHP Jeffrey Campbell
|
Pitching: RHP Jeffrey Campbell
|
|
Batting: RHB Alonso Sánchez
|
0-0: Foul Ball, location: 2F 0-1: Ball 1-1: Ball 2-1: Ball 3-1: Base on Balls
|
Batting: RHB Mark Hosley
|
0-0: Ball 1-0: Fly out, F4 (Popup, 4MD)
|
Batting: LHB António Glaviz
|
0-0: Called Strike Alonso Sánchez steals 2nd base 0-1: SINGLE (Groundball, 3D) Alonso Sánchez to third Runner from 3rd tries for Home, throw and OUT! António Glaviz to second
|
Batting: LHB Germán Charfauros
|
0-0: Swinging Strike 0-1: Swinging Strike 0-2: Ball 1-2: Ball 2-2: Strikes out looking
|
Top of the 1st over - 0 run(s), 1 hit(s), 0 error(s), 1 left on base; Santa Monica 0 - Vancouver 0 |
BOTTOM OF THE 1ST |
Vancouver Vipers batting - Pitching for Santa Monica Bruins : LHP Cobus Human
|
Pitching: LHP Cobus Human
|
|
Batting: RHB Dan Tyler
|
0-0: Ball 1-0: Called Strike 1-1: Foul Ball, location: 2F 1-2: Ball 2-2: SINGLE (Groundball, 25) (infield hit)
|
Batting: RHB Júlio Figueroa
|
0-0: Fly out, F2 (Popup, 2LF)
|
Batting: SHB Henry Copeland
|
0-0: Fly out, F9 (Flyball, 9LM)
|
Batting: RHB Pedro Fuentes
|
0-0: TRIPLE (Line Drive, 8RXD) Dan Tyler scores
|
Batting: RHB Salvador Medine
|
0-0: Ball 1-0: Swinging Strike 1-1: Swinging Strike 1-2: Fly out, F9 (Flyball, 9LM)
|
Bottom of the 1st over - 1 run(s), 2 hit(s), 0 error(s), 1 left on base; Santa Monica 0 - Vancouver 1 |
TOP OF THE 2ND |
Santa Monica Bruins batting - Pitching for Vancouver Vipers : RHP Jeffrey Campbell
|
Batting: LHB Bob Cunningham
|
0-0: Ball 1-0: Called Strike 1-1: Foul Ball, location: 2F 1-2: Ground out 4-3 (Groundball, 4)
|
Batting: RHB Iván De Jesús
|
0-0: Ball 1-0: Ball 2-0: Called Strike 2-1: Fly out, F8 (Line Drive, 8LS)
|
Batting: LHB Greg Schultz
|
0-0: Ball 1-0: Called Strike 1-1: SINGLE (Line Drive, 89S)
|
Batting: RHB Armando Méndez
|
0-0: Foul Ball, location: 2F 0-1: Called Strike 0-2: Strikes out swinging
|
Top of the 2nd over - 0 run(s), 1 hit(s), 0 error(s), 1 left on base; Santa Monica 0 - Vancouver 1 |
BOTTOM OF THE 2ND |
Vancouver Vipers batting - Pitching for Santa Monica Bruins : LHP Cobus Human
|
Batting: RHB Cal Rogers
|
0-0: Fly out, F7 (Flyball, 78M)
|
Batting: RHB Cristo Gilera
|
0-0: Foul Ball, location: 2F 0-1: Fly out, F8 (Flyball, 8LD)
|
Batting: RHB Daniel Robert
|
0-0: Ball 1-0: Called Strike 1-1: Ball 2-1: Foul Ball, location: 2F 2-2: Ball 3-2: Ground out 1-3 (Groundball, 23)
|
Bottom of the 2nd over - 0 run(s), 0 hit(s), 0 error(s), 0 left on base; Santa Monica 0 - Vancouver 1 |
TOP OF THE 3RD |
Santa Monica Bruins batting - Pitching for Vancouver Vipers : RHP Jeffrey Campbell
|
Batting: RHB Juan Acuña
|
0-0: Ball 1-0: Foul Ball, location: 2F 1-1: SINGLE (Line Drive, 56D)
|
Batting: RHB Alonso Sánchez
|
0-0: Ball 1-0: Foul Ball, location: 2F 1-1: Ball 2-1: Foul Ball, location: 2F 2-2: Foul Ball, location: 2F 2-2: Strikes out swinging
|
Batting: RHB Mark Hosley
|
0-0: Called Strike 0-1: Ball 1-1: Called Strike Juan Acuña is caught stealing 2nd base 1-2: Foul Ball, location: 2F 1-2: Ball 2-2: SINGLE (Groundball, 6MD)
|
Batting: LHB António Glaviz
|
0-0: Called Strike 0-1: Swinging Strike 0-2: Strikes out looking
|
Top of the 3rd over - 0 run(s), 2 hit(s), 0 error(s), 1 left on base; Santa Monica 0 - Vancouver 1 |
BOTTOM OF THE 3RD |
Vancouver Vipers batting - Pitching for Santa Monica Bruins : LHP Cobus Human
|
Batting: LHB Mike Williams
|
0-0: Called Strike 0-1: Ball 1-1: SINGLE (Flyball, 8LS)
|
Batting: RHB Dan Tyler
|
0-0: Fly out, F8 (Flyball, 8LD)
|
Batting: RHB Júlio Figueroa
|
0-0: Called Strike 0-1: Grounds into double play, 6-4-3 (Groundball, 6)
|
Bottom of the 3rd over - 0 run(s), 1 hit(s), 0 error(s), 0 left on base; Santa Monica 0 - Vancouver 1 |
TOP OF THE 4TH |
Santa Monica Bruins batting - Pitching for Vancouver Vipers : RHP Jeffrey Campbell
|
Batting: LHB Germán Charfauros
|
0-0: Fly out, F7 (Flyball, 7LMF)
|
Batting: LHB Bob Cunningham
|
0-0: SINGLE (Groundball, 6MD)
|
Batting: RHB Iván De Jesús
|
Pickoff Throw to First - Error! E1 Bob Cunningham to second 0-0: Called Strike 0-1: Swinging Strike 0-2: Ball 1-2: Ground out 5-3 (Groundball, 56)
|
Batting: LHB Greg Schultz
|
0-0: Ball 1-0: Ball Wild Pitch! Bob Cunningham to third 2-0: Called Strike 2-1: Foul Ball, location: 2F 2-2: SINGLE (Line Drive, 56) Bob Cunningham scores
|
Batting: RHB Armando Méndez
|
0-0: Foul Ball, location: 2F 0-1: Fly out, F8 (Flyball, 8LXD)
|
Top of the 4th over - 1 run(s), 2 hit(s), 1 error(s), 1 left on base; Santa Monica 1 - Vancouver 1 |
BOTTOM OF THE 4TH |
Vancouver Vipers batting - Pitching for Santa Monica Bruins : LHP Cobus Human
|
Batting: SHB Henry Copeland
|
0-0: Called Strike 0-1: Ball 1-1: Foul Ball, location: 2F 1-2: Ball 2-2: Ball 3-2: Foul Ball, location: 2F 3-2: Foul Ball, location: 2F 3-2: Base on Balls
|
Batting: RHB Pedro Fuentes
|
0-0: Called Strike 0-1: Ball 1-1: Called Strike 1-2: Ball 2-2: Ball 3-2: Foul Ball, location: 2F 3-2: Hit by Pitch Henry Copeland to second
|
Batting: RHB Salvador Medine
|
0-0: Ball 1-0: Ball 2-0: Swinging Strike 2-1: DOUBLE (Groundball, 5L) Henry Copeland scores Pedro Fuentes to third
|
Batting: RHB Cal Rogers
|
0-0: Called Strike 0-1: Foul Ball, location: 2F 0-2: Foul Ball, location: 2F 0-2: Ball 1-2: Strikes out swinging
|
Batting: RHB Cristo Gilera
|
0-0: Called Strike 0-1: Ball 1-1: Ball 2-1: Called Strike 2-2: SINGLE (Groundball, 56) Pedro Fuentes scores Salvador Medine to third Runner from 3rd tries for Home, SAFE, no throw or cutoff
|
Batting: RHB Daniel Robert
|
0-0: Ball 1-0: Swinging Strike 1-1: Ball 2-1: Ball 3-1: Base on Balls Cristo Gilera to second
|
Batting: LHB Mike Williams
|
0-0: Ball 1-0: Ball 2-0: Ball 3-0: Called Strike 3-1: Base on Balls Cristo Gilera to third Daniel Robert to second
|
Batting: RHB Dan Tyler
|
0-0: Ball 1-0: Called Strike 1-1: Called Strike 1-2: Fly out, F9 (Flyball, 9LS)
|
Batting: RHB Júlio Figueroa
|
0-0: Fielders Choice at 2nd, U4 (Groundball, 4M)
|
Bottom of the 4th over - 3 run(s), 2 hit(s), 0 error(s), 3 left on base; Santa Monica 1 - Vancouver 4 |
TOP OF THE 5TH |
Santa Monica Bruins batting - Pitching for Vancouver Vipers : RHP Jeffrey Campbell
|
Batting: RHB Juan Acuña
|
0-0: Ball 1-0: Ball 2-0: Called Strike 2-1: Called Strike 2-2: Foul Ball, location: 2F 2-2: Foul Ball, location: 2F 2-2: Fly out, F1 (Popup, 25)
|
Batting: RHB Alonso Sánchez
|
0-0: Called Strike 0-1: Called Strike 0-2: Ball 1-2: Ground out 2-3 (Groundball, 25)
|
Batting: RHB Mark Hosley
|
0-0: Called Strike 0-1: Ground out 5-3 (Groundball, 5L)
|
Top of the 5th over - 0 run(s), 0 hit(s), 0 error(s), 0 left on base; Santa Monica 1 - Vancouver 4 |
BOTTOM OF THE 5TH |
Vancouver Vipers batting - Pitching for Santa Monica Bruins : LHP Cobus Human
|
Batting: SHB Henry Copeland
|
0-0: Called Strike 0-1: Swinging Strike 0-2: Foul Ball, location: 2F 0-2: Strikes out swinging
|
Batting: RHB Pedro Fuentes
|
0-0: Ball 1-0: SINGLE (Flyball, 8RS)
|
Batting: RHB Salvador Medine
|
0-0: Called Strike 0-1: Ball 1-1: Foul Ball, location: 2F 1-2: Strikes out swinging
|
Batting: RHB Cal Rogers
|
0-0: Ball 1-0: Swinging Strike 1-1: Foul Ball, location: 2F 1-2: Strikes out looking
|
Bottom of the 5th over - 0 run(s), 1 hit(s), 0 error(s), 1 left on base; Santa Monica 1 - Vancouver 4 |
TOP OF THE 6TH |
Santa Monica Bruins batting - Pitching for Vancouver Vipers : RHP Jeffrey Campbell
|
Batting: LHB António Glaviz
|
0-0: Swinging Strike 0-1: Ball 1-1: Ground out 1-3 (Groundball, 25)
|
Batting: LHB Germán Charfauros
|
0-0: Ball 1-0: Called Strike 1-1: Swinging Strike 1-2: DOUBLE (Line Drive, 9LM)
|
Batting: LHB Bob Cunningham
|
0-0: Ball 1-0: Ball 2-0: Called Strike 2-1: Foul Ball, location: 2F 2-2: Ball 3-2: Foul Ball, location: 2F 3-2: Foul Ball, location: 2F 3-2: Base on Balls
|
Batting: RHB Iván De Jesús
|
0-0: Ball 1-0: Ball 2-0: Foul Ball, location: 2F 2-1: Ball 3-1: Foul Ball, location: 2F 3-2: SINGLE (Line Drive, 6MD) Germán Charfauros to third Bob Cunningham to second
|
Batting: LHB Greg Schultz
|
0-0: Ball 1-0: Called Strike 1-1: Foul Ball, location: 2F 1-2: Fly out, F7 (Flyball, 78D) Runner from 3rd tags up, SCORES, no throw
|
Batting: RHB Armando Méndez
|
0-0: Called Strike 0-1: Foul Ball, location: 2F 0-2: Ball 1-2: Ball 2-2: Foul Ball, location: 2F 2-2: Reached on error, E2 (Groundball, 25) Bob Cunningham scores Iván De Jesús to third
|
Pitching: LHP Greg Taylor
|
|
Batting: RHB Juan Acuña
|
0-0: Swinging Strike 0-1: Ball 1-1: Swinging Strike 1-2: Fly out, F8 (Flyball, 8LM)
|
Top of the 6th over - 2 run(s), 2 hit(s), 1 error(s), 2 left on base; Santa Monica 3 - Vancouver 4 |
BOTTOM OF THE 6TH |
Vancouver Vipers batting - Pitching for Santa Monica Bruins : LHP Cobus Human
|
Batting: RHB Cristo Gilera
|
0-0: Ball 1-0: Called Strike 1-1: Ball 2-1: Called Strike 2-2: Ball 3-2: Fly out, F8 (Flyball, 8RS)
|
Batting: RHB Daniel Robert
|
0-0: Ball 1-0: SOLO HOME RUN (Flyball, 7LD), Distance : 368 ft
|
Pitching: RHP Estefan Jiménez
|
|
Batting: LHB Mike Williams
|
0-0: Ball 1-0: Ball 2-0: Fly out, F8 (Flyball, 8RM)
|
Batting: RHB Dan Tyler
|
0-0: Ball 1-0: Ball 2-0: Ball 3-0: Called Strike 3-1: Foul Ball, location: 2F 3-2: Fly out, F2 (Popup, 2RF)
|
Bottom of the 6th over - 1 run(s), 1 hit(s), 0 error(s), 0 left on base; Santa Monica 3 - Vancouver 5 |
TOP OF THE 7TH |
Santa Monica Bruins batting - Pitching for Vancouver Vipers : LHP Greg Taylor
|
Batting: RHB Alonso Sánchez
|
0-0: Ball 1-0: Ball 2-0: Called Strike 2-1: Ball 3-1: Base on Balls
|
Batting: RHB Mark Hosley
|
0-0: Ball Passed Ball! Alonso Sánchez to second 1-0: Ground out 6-3 (Groundball, 6) Alonso Sánchez to third
|
Batting: LHB António Glaviz
|
0-0: Ball 1-0: Foul Ball, location: 2F 1-1: Ball 2-1: Foul Ball, location: 2F 2-2: Ball 3-2: Foul Ball, location: 2F 3-2: Foul Ball, location: 2F 3-2: Strikes out swinging passed ball, reaches first! Alonso Sánchez scores
|
Batting: LHB Germán Charfauros
|
0-0: Ball 1-0: Foul Ball, location: 2F 1-1: Ball 2-1: Reached on Error, E5 (Line Drive, 5) António Glaviz to second
|
Batting: LHB Bob Cunningham
|
0-0: Ball 1-0: Ball 2-0: Called Strike 2-1: Foul Ball, location: 2F 2-2: Ball Wild Pitch! António Glaviz to third Germán Charfauros to second 3-2: DOUBLE (Flyball, 89D) António Glaviz scores Germán Charfauros scores
|
Batting: RHB Iván De Jesús
|
0-0: Intentional Walk
|
Batting: LHB Greg Schultz
|
0-0: Grounds into double play, 4-6-3 (Groundball, 34)
|
Top of the 7th over - 3 run(s), 1 hit(s), 1 error(s), 1 left on base; Santa Monica 6 - Vancouver 5 |
BOTTOM OF THE 7TH |
Vancouver Vipers batting - Pitching for Santa Monica Bruins : RHP Estefan Jiménez
|
Batting: RHB Júlio Figueroa
|
0-0: Ball 1-0: Called Strike 1-1: Called Strike 1-2: Ground out 1-3 (Groundball, 13S)
|
Batting: SHB Henry Copeland
|
0-0: Called Strike 0-1: Called Strike 0-2: Ball 1-2: Ball 2-2: Ball 3-2: Strikes out swinging
|
Batting: RHB Pedro Fuentes
|
0-0: Ball 1-0: Foul Ball, location: 2F 1-1: DOUBLE (Flyball, 8RXD)
|
Pinch Hitting: RHB Howard Lane
|
0-0: Called Strike 0-1: Foul Ball, location: 2F 0-2: Ball 1-2: Ball 2-2: Ball 3-2: Foul Ball, location: 2F 3-2: Base on Balls
|
Pinch Hitting: LHB Ray Spencer
|
0-0: SINGLE (Line Drive, 4M) Pedro Fuentes to third Howard Lane to second
|
Pinch Hitting: RHB Tomás Estrada
|
0-0: Called Strike 0-1: Ball 1-1: Foul Ball, location: 2F 1-2: Ball 2-2: Fielders Choice at 2nd, U6 (Groundball, 6M)
|
Bottom of the 7th over - 0 run(s), 2 hit(s), 0 error(s), 3 left on base; Santa Monica 6 - Vancouver 5 |
TOP OF THE 8TH |
Santa Monica Bruins batting - Pitching for Vancouver Vipers : LHP Greg Taylor
|
Now at 2B: Cipriano Miranda
|
|
Now at 3B: Luis Sáenz
|
|
Now at SS: Francisco Rodríguez
|
|
Batting: RHB Armando Méndez
|
0-0: Ball 1-0: Fly out, F8 (Flyball, 8LM)
|
Batting: RHB Juan Acuña
|
0-0: Called Strike 0-1: Ball 1-1: Foul Ball, location: 2F 1-2: Foul Ball, location: 2F 1-2: Ball 2-2: SINGLE (Groundball, 6MD)
|
Batting: RHB Alonso Sánchez
|
0-0: Ball 1-0: Ball 2-0: Foul Ball, location: 2F 2-1: SINGLE (Line Drive, 7S) Juan Acuña to second
|
Batting: RHB Mark Hosley
|
0-0: Ball 1-0: Called Strike Juan Acuña steals 3rd base Alonso Sánchez to second 1-1: Fly out, F8 (Flyball, 8LM) Runner from 3rd tags up, SCORES, throw made
|
Pitching: RHP Álex Villegas
|
|
Batting: LHB António Glaviz
|
0-0: Ball 1-0: Ball 2-0: Called Strike 2-1: Ball 3-1: Called Strike 3-2: Foul Ball, location: 2F 3-2: Foul Ball, location: 2F 3-2: Base on Balls
|
Pitching: LHP Jack Taylor
|
|
Batting: LHB Germán Charfauros
|
0-0: Called Strike 0-1: Swinging Strike 0-2: Foul Ball, location: 2F 0-2: Ball 1-2: Strikes out swinging
|
Top of the 8th over - 1 run(s), 2 hit(s), 0 error(s), 2 left on base; Santa Monica 7 - Vancouver 5 |
BOTTOM OF THE 8TH |
Vancouver Vipers batting - Pitching for Santa Monica Bruins : RHP Estefan Jiménez
|
Batting: RHB Daniel Robert
|
0-0: Ground out 2-3 (Groundball, 2R)
|
Pitching: RHP Ron Henningar
|
|
Batting: LHB Mike Williams
|
0-0: Ball 1-0: Ball 2-0: Called Strike 2-1: Foul Ball, location: 2F 2-2: Ground out 3-1 (Groundball, 34)
|
Batting: RHB Dan Tyler
|
0-0: Ball 1-0: Ball 2-0: Ground out 4-3 (Groundball, 4)
|
Bottom of the 8th over - 0 run(s), 0 hit(s), 0 error(s), 0 left on base; Santa Monica 7 - Vancouver 5 |
TOP OF THE 9TH |
Santa Monica Bruins batting - Pitching for Vancouver Vipers : LHP Jack Taylor
|
Pitching: RHP Jeff Lynn
|
|
Batting: LHB Bob Cunningham
|
0-0: Ball 1-0: Ball 2-0: Foul Ball, location: 2F 2-1: Ball 3-1: SINGLE (Line Drive, 8RS)
|
Batting: RHB Iván De Jesús
|
0-0: Sac Bunt - play at second, runner OUT! 1-6
|
Batting: LHB Greg Schultz
|
0-0: Ball 1-0: Ball 2-0: Ball 3-0: Called Strike 3-1: Base on Balls Iván De Jesús to second
|
Pinch Hitting: LHB Ken Poche
|
0-0: Called Strike 0-1: Swinging Strike 0-2: DOUBLE (Line Drive, 5D) Iván De Jesús scores Greg Schultz to third
|
Batting: RHB Juan Acuña
|
0-0: Called Strike 0-1: Swinging Strike 0-2: Strikes out looking
|
Batting: RHB Alonso Sánchez
|
0-0: Ball 1-0: Ground out 6-3 (Groundball, 6)
|
Top of the 9th over - 1 run(s), 2 hit(s), 0 error(s), 2 left on base; Santa Monica 8 - Vancouver 5 |
BOTTOM OF THE 9TH |
Vancouver Vipers batting - Pitching for Santa Monica Bruins : RHP Ron Henningar
|
Pitching: RHP José Betancourt
|
|
Now at 3B: Josh Richardson
|
|
Batting: RHB Júlio Figueroa
|
0-0: Called Strike 0-1: Ball 1-1: Foul Ball, location: 2F 1-2: Ball 2-2: Strikes out swinging
|
Batting: SHB Henry Copeland
|
0-0: Ball 1-0: Called Strike 1-1: Ground out 6-3 (Groundball, 6)
|
Batting: RHB Pedro Fuentes
|
0-0: Called Strike 0-1: Ball 1-1: Foul Ball, location: 2F 1-2: Fly out, F4 (Popup, 4D)
|
Bottom of the 9th over - 0 run(s), 0 hit(s), 0 error(s), 0 left on base; Santa Monica 8 - Vancouver 5 |
|